 Dungeon Crawl Stone Soup version 0.29-a0-384-g6960b1960d (webtiles) character file.

Game seed: 17324692128042080950

2018 sammy202020 the Fighter (level 9, -1/82 HPs)
             Began as a Minotaur Fighter on May 7, 2022.
             Was a Believer of Trog.
             Killed by divine providence
             ... invoked by an orc priest
              (14 damage)
             ... on level 7 of the Dungeon.
             The game lasted 00:12:33 (7106 turns).

sammy202020 the Fighter (Minotaur Fighter)          Turns: 7106, Time: 00:12:33

Health: -1/82      AC: 11    Str: 21    XL:     9   Next: 3%
Magic:  8/8        EV:  9    Int:  9    God:    Trog [**....]
Gold:   222        SH:  5    Dex: 10    Spells: 8/8 levels left

rFire   . . .      SeeInvis .   a - +1 war axe
rCold   . . .      Faith    .   c - +0 buckler
rNeg    . . .      Spirit   .   C - +0 chain mail
rPois   .          Reflect  .   (helmet restricted)
rElec   .          Harm     .   (no cloak)
rCorr   .          Rampage  .   (no gloves)
Will    ++...                   h - +0 pair of boots
Stlth   ..........              w - amulet of regeneration
HPRegen 2.03/turn               (no ring)
MPRegen 0.11/turn               (no ring)

@: strong-willed, on berserk cooldown, regenerating, slowed, very slow
A: horns 2, retaliatory headbutt
a: Renounce Religion, Berserk, Trog's Hand


You were on level 7 of the Dungeon.
You worshipped Trog.
Trog was pleased with you.
You visited 2 branches of the dungeon, and saw 8 of its levels.
You also visited: Sewer.

You collected 327 gold pieces.
You spent 105 gold pieces at shops.

Inventory:

Hand Weapons
 a - a +1 war axe (weapon)
 d - a +2 morningstar of holy wrath
 i - a +0 flail
 m - a +0 mace
 x - the +5 quarterstaff "Ruenaf" {flame, rN+ MP+9 Str+4}
   (You found it on level 4 of the Dungeon)

   It burns those it strikes, dealing additional fire damage.
   Str:       It affects your strength (+4).
   rN:        It protects you from negative energy.
   MP:        It affects your magic capacity (+9).
Armour
 c - a +0 buckler (worn)
 h - a +0 pair of boots (worn)
 C - a +0 chain mail (worn)
Jewellery
 w - an amulet of regeneration (around neck)
Wands
 p - a wand of charming (6)
 B - a wand of paralysis (8)
Scrolls
 k - 3 scrolls of teleportation
 l - a scroll of vulnerability
 n - a scroll of fog
 o - 3 scrolls of blinking
 t - 3 scrolls of enchant weapon
 u - a scroll of amnesia
 v - a scroll of magic mapping
 y - a scroll of immolation
 A - 2 scrolls of fear
Potions
 b - a potion of resistance {unknown}
 e - 3 potions of curing
 g - 3 potions of brilliance {unknown}
 j - 2 potions of cancellation {unknown}
 q - a potion of degeneration {unknown}
 r - 3 potions of flight {unknown}
 s - 4 potions of haste {unknown}
 D - a potion of berserk rage {unknown}
 E - 2 potions of magic {unknown}
 F - a potion of might
 G - a potion of invisibility {unknown}
 H - 2 potions of mutation {unknown}


   Skills:
 * Level 8.3 Fighting
 * Level 7.9 Axes
 + Level 6.4 Armour
 + Level 4.7 Dodging
 + Level 6.5 Shields


You had 8 spell levels left.
You didn't know any spells.
Your spell library contained the following spells:

 Spells                   Type           Power      Damage    Failure   Level
 Corpse Rot               Necr/Air       0%         N/A       99%         2
 Dispel Undead            Necr           0%         3d6       100%        4
 Death Channel            Necr           0%         N/A       100%        6


Dungeon Overview and Level Annotations

Branches:
Dungeon (7/15)             Temple (1/1) D:4           Sewer (visited)

Altars:
Ashenzari
Cheibriados
Dithmenos
Fedhas
Gozag
Kikubaaqudgha
Nemelex Xobeh
Okawaru
Qazlal
Trog
Wu Jian
Zin
The Shining One

Shops:
D:6 ?


Innate Abilities, Weirdness & Mutations

You have a pair of horns on your head.
You reflexively headbutt those who attack you in melee.


Message History

The gnoll barely misses you. The orc closely misses you. The gnoll misses you.
You block the orc's attack. The gnoll barely misses you.
The gnoll hits you but does no damage.
An orc comes into view. It is wielding a +0 club.
You hit the gnoll. You headbutt the gnoll!
You kill the gnoll!
Trog accepts your kill.
You hit the orc. You block the gnoll's attack. The orc closely misses you.
The gnoll closely misses you.
Unknown command.
You closely miss the orc. You hit the orc.
You kill the orc!
Trog accepts your kill.
The gnoll hits you from afar with a +0 spear.
* * * LOW HITPOINT WARNING * * *
The orc hits you but does no damage.
The orc priest hits you from afar with a +0 spear.
* * * LOW HITPOINT WARNING * * *
The gnoll closely misses you. The gnoll barely misses you.
The orc closely misses you. You block the gnoll's attack.
The orc priest hits you but does no damage.
You barely miss the orc. The gnoll hits you but does no damage.
The orc hits you but does no damage.
The orc priest hits you but does no damage.
You block the gnoll's attack.
The gnoll hits you from afar with a +0 spear.
* * * LOW HITPOINT WARNING * * *
You block the orc's attack. The gnoll misses you.
The orc priest hits you from afar with a +0 spear.
* * * LOW HITPOINT WARNING * * *
Your skin crawls.
You feel strong-willed.
The gnoll hits you from afar with a +0 spear.
* * * LOW HITPOINT WARNING * * *
The orc barely misses you. You furiously retaliate!
You headbutt the orc!
You kill the orc!
Trog accepts your kill.
The orc priest invokes the aid of Beogh against you.
Beogh smites you!
You die...

#........#
#(.......##
#..!.....>##
#?..<...!...
#.........♣♣
##..o5....♣♣
#...ogg.#≈P≈≈≈
#...##)).♣
≈P≈≈ #.#.
#@♣≈♣P≈≈≈≈
...#.
#.)≈≈≈..$≈
....#.
#.))......
..<. #.
#[...≈.... .##
#. #...P≈≈≈≈≈
..##♣≈≈PP≈
#### ≈≈≈≈P
PP≈≈ ♣P≈≈


You could see an orc priest, 2 gnolls, a white imp and an orc.

Vanquished Creatures
  Grinder (D:3)
  Sigmund (D:5)
  Menkaure (D:5)
  3 kobold brigands (Sewer)
  A gnoll sergeant (D:4)
  3 bullfrogs
  2 scorpions
  3 gnoll shamans
  2 orc priests
  5 hounds
  3 jellies
  3 iguanas
  Jessica (D:2)
  An orc wizard (D:4)
  25 gnolls
  6 adders
  2 river rats (D:6)
  A shadow imp (D:6)
  2 ufetubi
  2 worms
  2 dart slugs
  10 orcs
  5 bats
  4 endoplasms
  8 giant cockroaches
  4 hobgoblins
  10 jackals
  18 kobolds
  3 quokkas
  11 ball pythons
  8 frilled lizards
  10 goblins
  7 rats
168 creatures vanquished.

Vanquished Creatures (others)
  12 plants
12 creatures vanquished.

Grand Total: 180 creatures vanquished

Notes
Turn   | Place    | Note
-------+----------+-------------------------------------------
     0 | D:1      | sammy202020 the Minotaur Fighter began the quest for the
                  | Orb.
     0 | D:1      | Reached XP level 1. HP: 19/19 MP: 0/0
   541 | D:1      | Reached XP level 2. HP: 27/27 MP: 1/1
   590 | D:1      | Reached skill level 4 in Fighting
   935 | D:1      | Found a faded altar of an unknown god.
  1053 | D:1      | Reached XP level 3. HP: 33/33 MP: 2/2
  1563 | D:2      | Reached skill level 1 in Dodging
  1916 | D:2      | Reached XP level 4. HP: 41/41 MP: 3/3
  1918 | D:2      | Noticed Jessica
  1922 | D:2      | Killed Jessica
  2466 | D:2      | Reached XP level 5. HP: 31/47 MP: 4/4
  3101 | D:3      | Found an opulent altar of Gozag.
  3103 | D:3      | Found a broken altar of Ashenzari.
  3395 | D:3      | Noticed Grinder
  3399 | D:3      | Paralysed by Grinder for 3 turns
  3404 | D:3      | Killed Grinder
  3405 | D:3      | Reached skill level 5 in Fighting
  3405 | D:3      | Reached XP level 6. HP: 24/56 MP: 5/5
  4082 | D:4      | Reached skill level 5 in Axes
  4257 | D:4      | Reached skill level 5 in Shields
  4379 | D:4      | Reached XP level 7. HP: 57/62 MP: 6/6
  4389 | D:4      | Reached skill level 6 in Fighting
  4661 | D:4      | Reached skill level 5 in Armour
  4964 | D:4      | Found the +3 woodcutter's axe {vorpal}
  5353 | D:4      | Found an iron altar of Okawaru.
  5383 | D:4      | Found a staircase to the Ecumenical Temple.
  5401 | Temple   | Entered the Ecumenical Temple
  5481 | Temple   | Became a worshipper of Trog the Wrathful
  5581 | D:4      | Identified the +5 quarterstaff "Ruenaf" {flame, rN+ MP+9
                  | Str+4}
  5763 | D:5      | Entered Level 5 of the Dungeon
  5833 | D:5      | Noticed Sigmund
  5844 | D:5      | Killed Sigmund
  5999 | D:5      | Reached skill level 7 in Fighting
  5999 | D:5      | Reached XP level 8. HP: 66/73 MP: 7/7
  6069 | D:5      | Noticed Menkaure
  6077 | D:5      | Killed Menkaure
  6406 | D:6      | Found Pougecoric's Magic Scroll Boutique.
  6412 | D:6      | Bought a scroll of enchant weapon for 105 gold pieces
  6600 | D:6      | Reached * piety under Trog
  6604 | D:6      | Found a glowing drain.
  6630 | Sewer    | Entered a sewer
  6699 | Sewer    | Reached skill level 8 in Fighting
  6904 | Sewer    | Reached ** piety under Trog
  7096 | D:7      | HP: 3/74 [bullfrog (4)]
  7098 | D:7      | HP: 1/74 [gnoll/+0 spear[a gnoll shaman] (3)]
  7099 | D:7      | Reached XP level 9. HP: 1/82 MP: 8/8
  7106 | D:7      | Killed from afar by an orc priest

Illustrated notes

Levels and vault maps discovered:
D:1:      amcnicky_arrival_underground_garden, layout_basic,
          shapermc_ecumenical_altar_mp_highgroup, st_stairs_1,
          amcnicky_mini_rare_corridor_liquid, chequers_big_river,
          minmay_misc_feat_enclosed, patterned_corridor
D:2:      layout_basic, uniq_jessica
D:3:      layout_loops_ring, mainiacjoe_overflow_catwalk_spiral, uniq_grinder
D:4:      layout_gridville, kennysheep_little_box, minmay_temple_entry_hall,
          serial_forest, infiniplex_forest_clump_curved,
          infiniplex_forest_end_2, infiniplex_forest_straight_2,
          infiniplex_forest_straight_5, infiniplex_forest_clump_large,
          infiniplex_forest_clump_tiny, infiniplex_forest_zigzag_1,
          pf_guarded_unrand_woodcutter
D:5:      layout_cave_pools, uniq_menkaure, uniq_sigmund
D:6:      layout_rooms, serial_shops, nicolae_diamond_shop, portal_sewer_entry_c
D:7:      layout_basic, minitemple, marbit_many_paths, serial_bayou_ford_a
Temple:   eino_temple_lava

Skill      XL: |  1  2  3  4  5  6  7  8 |
---------------+-------------------------+-----
Fighting       | 4 5 7 8 |  8.3
Axes           | 3 4 5 6 7 |  7.9
Shields        | 4 5 6 |  6.5
Dodging        | 1 2 3 4 |  4.7
Armour         | 4 5 6 |  6.4

Action                   |  1- 3 |  4- 6 |  7- 9 || total
-------------------------+-------+-------+-------++-------
Melee: War axe           |    99 |    98 |   190 ||   387
       Headbutt          |    13 |    17 |    21 ||    51
       Unarmed           |       |       |    19 ||    19
Invok: Trog's Hand       |       |       |     2 ||     2
       Berserk           |       |       |     1 ||     1
  Use: Scroll            |     6 |     6 |     3 ||    15
       Potion            |       |     3 |     7 ||    10
Armor: Scale mail        |    43 |    41 |    29 ||   113
       Skin              |       |     6 |    10 ||    16
       Chain mail        |       |       |    98 ||    98
Dodge: Dodged            |    48 |    64 |   143 ||   255
Block: Buckler           |    25 |    19 |    70 ||   114

Table legend: (Time is in decaauts)
 A = Elapsed time spent in this place.
 B = Non-inter-level travel time spent in this place.
 C = Inter-level travel time spent in this place.
 D = Time resting spent in this place.
 E = Time spent auto-exploring this place.
 F = Levels seen in this place.
 G = Mean time per level.
                   A        B        C        D        E       F      G
               +--------+--------+--------+--------+--------+-----+--------+
         Total |   7257 |   7032 |    225 |   1088 |   4751 |   9 |  806.3 |
       Dungeon |   6850 |   6637 |    213 |   1088 |   4532 |   7 |  978.6 |
        Temple |     90 |     78 |     12 |      0 |     62 |   1 |   90.0 |
         Sewer |    316 |    316 |      0 |      0 |    156 |   1 |  316.0 |
               +--------+--------+--------+--------+--------+-----+--------+

Top non-repeatable levels by time:
     D:4: 1713 daAuts
     D:1: 1584 daAuts
     D:2: 1555 daAuts
     D:3: 917 daAuts
     D:5: 608 daAuts
     D:6: 412 daAuts
   Sewer: 316 daAuts
  Temple: 90 daAuts
     D:7: 57 daAuts
